 Dungeon Crawl Stone Soup version 0.29.1-2-gbd0b4ee654 (webtiles) character file.

Game seed: 11787597134480395957

186 Hadkhar the Magician (level 5, -2/39 HPs)
             Began as a Djinni Air Elementalist on Oct 28, 2022.
             Slain by a wight
             ... wielding a +5 great sword
              (15 damage)
             ... on level 3 of the Dungeon.
             The game lasted 00:14:06 (3939 turns).

Hadkhar the Magician (Djinni Air Elementalist)      Turns: 3939, Time: 00:14:07

Health: -2/39      AC:  6    Str:  7    XL:     5   Next: 97%
Gold:   232        EV: 15    Int: 19    God:
                   SH:  0    Dex: 13

rFire   + + .      SeeInvis .   a - +1 short sword (drain)
rCold   . . .      Faith    .   (no shield)
rNeg    . . .      Spirit   .   q - +2 leather armour {rC+}
rPois   ∞          Reflect  .   l - +0 helmet
rElec   .          Harm     .   (no cloak)
rCorr   .          Rampage  .   (no gloves)
Will    .....                   (boots unavailable)
Stlth   ++........              (no amulet)
HPRegen 0.13/turn               s - +4 ring of evasion
MPRegen 0.00/turn               (no ring)

@: sluggish, flying, very slow
A: sickness immunity, fire resistance 2, cold vulnerability 1, float, innate
caster, HP casting, extra vitality 1
a: no special abilities


You were on level 3 of the Dungeon.
You visited 1 branch of the dungeon, and saw 4 of its levels.

You collected 232 gold pieces.

Inventory:

Hand Weapons
 a - a +1 short sword of draining (weapon)
Armour
 h - a +0 kite shield
 l - a +0 helmet (worn)
 q - a +2 leather armour of cold resistance (worn)
Jewellery
 s - a +4 ring of evasion (left hand)
Scrolls
 c - 5 scrolls of identify {unknown}
 d - a scroll of teleportation {unknown}
 e - 2 scrolls of brand weapon {unknown}
 g - a scroll of enchant armour {unknown}
 i - 2 scrolls of immolation {unknown}
 j - a scroll of amnesia {unknown}
 k - 2 scrolls of butterflies {unknown}
 m - a scroll of magic mapping {unknown}
 o - a scroll of summoning {unknown}
Potions
 b - 5 potions of heal wounds {unknown}
 f - 4 potions of brilliance {unknown}
 n - a potion of flight {unknown}
 p - 2 potions of berserk rage {unknown}


   Skills:
 + Level 2.3 Fighting
 - Level 2.1 Dodging
 + Level 2.8 Stealth
 * Level 3.8 Spellcasting


You couldn't memorise any spells.
You knew the following spells:

 Your Spells              Type           Power      Damage    Failure   Level
a - Shock                 Conj/Air       72%        1d7       4%          1
b - Static Discharge      Conj/Air       18%        3-6/arc   7%          2
c - Swiftness             Air            18%        N/A       13%         3
d - Airstrike             Air            9%         2d(2-18)  41%         4
e - Foxfire               Conj/Fire      72%        2x1d7     4%          1
f - Passwall              Tmut/Erth      15%        N/A       7%          2
Your spell library was empty.

Dungeon Overview and Level Annotations

Branches:
Dungeon (4/15)
 Temple: D:4-7

Altars:
Ru


Innate Abilities, Weirdness & Mutations

You are immune to sickness and miasma.
You are immune to poison.
Your flesh is very heat resistant. (rF++)
You are vulnerable to cold. (rC-)
You float through the air rather than walking.
You learn spells naturally, not from books.
Your magical power is your life essence.
You have superior vitality. (+4 MHP)


Message History

You kill the howler monkey!
The lightning grounds out.
A wight comes into view. It is wielding a +3 great sword.
Casting: Static Discharge (safe; 7% risk of failure)
Confirm with . or Enter, or press ? or * to list all spells.
Aiming: Shock (safe; 4% risk of failure)
Press: ? - help, Shift-Dir - straight line, f - wight
Aim: a wight, wielding a +5 great sword and wearing a +0 robe (71% to hit)
The zap misses the wight.
A wight comes into view.
It is wielding a +3 great sword and wearing the ring of Ynoroq {*Corrode rElec rPois rC+ Int+2}.
Casting: Shock (safe; 4% risk of failure)
Confirm with . or Enter, or press ? or * to list all spells.
Aiming: Shock (safe; 4% risk of failure)
Press: ? - help, Shift-Dir - straight line, f/p - wight
Aim: a wight, wielding a +5 great sword and wearing a +0 robe (71% to hit)
The zap hits the wight.
The wight is lightly damaged.
A wight comes into view. It is wielding a +1 trident.
The wight hits you with a +5 great sword.
You fly upwards.
There is a stone staircase leading down here.
Casting: Shock (safe; 4% risk of failure)
Confirm with . or Enter, or press ? or * to list all spells.
The wight is struck by an arc of lightning.
The wight is moderately damaged.
You are struck by an arc of lightning.
The lightning grounds out.
The wight barely misses you.
Casting: Static Discharge (safe; 7% risk of failure)
Confirm with . or Enter, or press ? or * to list all spells.
This spell is already in effect.
Casting: Swiftness (quite dangerous; 13% risk of failure)
Confirm with . or Enter, or press ? or * to list all spells.
This spell is already in effect.
You hit the wight.
The wight is heavily damaged.
The wight barely misses you.
You closely miss the wight.
The wight is heavily damaged.
The wight hits you with a +5 great sword!
You die...

######..........................#
#.......#......##.##.....#..##.#
##.......#......##......#.##....#
................####..#.#.#####.#
.#......##..##### #..#.#<# #.#
.......####.# ##..#.#######.#
####...# #.### ###...#.........#
...#...####...###...#.#..########
...#............@.....#..#
...#...#########z##.#.###########
...^.### #.##.#............
...#.## #.##.############.
...#..# #.##.# #.
...#..##########.##.# #.
####.............##.# #.
......#############.# #. ......#
#.############.


You could see a wight.

Vanquished Creatures
  A howler monkey (D:4)
  An orc wizard (D:3)
  2 adders
  2 worms
  3 dart slugs
  9 orcs
  4 endoplasms
  3 giant cockroaches
  4 hobgoblins
  12 jackals
  2 quokkas (D:2)
  8 ball pythons
  3 bats
  4 frilled lizards
  6 goblins
  8 kobolds
  9 rats
81 creatures vanquished.

Vanquished Creatures (others)
  34 foxfires
34 creatures vanquished.

Grand Total: 115 creatures vanquished

Notes
Turn   | Place    | Note
-------+----------+-------------------------------------------
     0 | D:1      | Hadkhar the Djinni Air Elementalist began the quest for the
                  | Orb.
     0 | D:1      | Hadkhar set off with the following spells memorised: Shock,
                  | Static Discharge, Swiftness, Airstrike.
     0 | D:1      | Reached XP level 1. HP: 15/15 MP: 0/0
   211 | D:1      | Reached XP level 2. HP: 21/22 MP: 0/0
   581 | D:1      | Found a faded altar of an unknown god.
  1090 | D:2      | Reached XP level 3. HP: 23/26 MP: 0/0
  1090 | D:2      | Learned a level 1 spell: Foxfire
  1185 | D:2      | Reached skill level 1 in Fighting
  1391 | D:2      | Reached skill level 3 in Spellcasting
  2215 | D:3      | Reached XP level 4. HP: 28/32 MP: 0/0
  2733 | D:3      | Reached XP level 5. HP: 36/38 MP: 0/0
  2733 | D:3      | Learned a level 2 spell: Passwall
  3432 | D:3      | Found a faded altar of an unknown god.
  3569 | D:3      | Found a sacrificial altar of Ru.
  3768 | D:4      | Identified the +0 hat "Negiryvo" {Rampage Drain rElec
                  | rPois}
  3933 | D:4      | Identified the ring of Ynoroq {*Corrode rElec rPois rC+
                  | Int+2}
  3939 | D:3      | Slain by a wight

Illustrated notes

Levels and vault maps discovered:
D:1:      dpeg_arrival_rooms_with_view, layout_basic,
          hellmonk_ecumenical_altar_run_dry, st_stairs_9
D:2:      minmay_wonky_spiral, layout_basic, minmay_split_cup_small
D:3:      layout_basic, lemuel_tele_altar, nicolae_overflow_ecumenical_swirl,
          minmay_misc_feat_secret_circle
D:4:      minmay_bubble_buster, layout_cave_pools

Skill      XL: |  1  2  3  4  5 |
---------------+----------------+-----
Stealth        | 2 |  2.8
Fighting       | 1 2 |  2.3
Spellcasting   | 3 |  3.8
Dodging        | |  2.1

Action                   |  1- 3 |  4- 6 || total
-------------------------+-------+-------++-------
Melee: Flail             |     8 |    43 ||    51
       Punch             |     1 |       ||     1
       Falchion          |       |     4 ||     4
       Short sword       |       |     3 ||     3
 Cast: Shock             |    72 |    53 ||   125
       Foxfire           |       |    19 ||    19
       Static Discharge  |       |     8 ||     8
       Swiftness         |       |     1 ||     1
Armor: Robe              |     4 |    32 ||    36
       Leather armour    |       |     3 ||     3
Dodge: Dodged            |    14 |    72 ||    86
